 Dungeon Crawl Stone Soup version 0.31.0-12-g77e489cdc1 (webtiles) character file.

Game seed: 15040062123778949070

10 Goblin1989 the Sneak (level 2, -4/24 HPs)
             Began as a Demonspawn Delver on Feb 17, 2024.
             Killed by nerve-wracking pain
             ... invoked by an orc priest
              (6 damage)
             ... on level 4 of the Dungeon.
             The game lasted 00:01:45 (157 turns).

Goblin1989 the Sneak (Demonspawn Delver)             Turns: 157, Time: 00:01:46

Health: -4/24      AC:  4    Str: 12    XL:     2   Next: 10%
Magic:  2/2        EV: 11    Int: 10    God:
Gold:   0          SH:  0    Dex: 14    Spells: 1/1 levels left

rFire   . . .        k - +0 flail
rCold   . . .        (no shield)
rNeg    . . .        b - +0 leather armour
rPois   .            h - +0 helmet
rElec   .            (no cloak)
rCorr   .            (no gloves)
SInv    .            (no boots)
Will    .....        j - amulet of regeneration
Stlth   ++           (no ring)
HPRegen 1.04/turn    (no ring)
MPRegen 0.08/turn

%: no passive effects
@: no status effects
A: demonic touch 1
a: no special abilities


You were on level 4 of the Dungeon.
You visited 1 branch of the dungeon, and saw 2 of its levels.

Inventory:

Hand Weapons
 a - a +0 mace
 k - a +0 flail (weapon)
Missiles
 i - 2 stones (quivered)
Armour
 b - a +0 leather armour (worn)
 h - a +0 helmet (worn)
Jewellery
 j - an amulet of regeneration (around neck)
Wands
 g - a wand of digging (3) {@v3}
Scrolls
 c - a scroll of fog
 d - a scroll of revelation
 e - a scroll of fear
Potions
 f - a potion of haste {@q3,}


   Skills:
 * Level 3.0 Fighting
 - Level 2.5 Maces & Flails
 * Level 1.8 Dodging
 - Level 4.5 Stealth
 + Level 0.0 Unarmed Combat


You had one spell level left.
You didn't know any spells.
Your spell library was empty.

Dungeon Overview and Level Annotations

Branches:
Dungeon (5/15) Zot: 11835
 Temple: D:4-7

Altars:


Innate Abilities, Weirdness & Mutations

Your touch may inflict minor irresistible damage on your foes.


Message History

There is a stone staircase leading down here.
You climb downwards.
There is a stone staircase leading up here.
You regained 2 hp, and now have 15/18 hp.
You hit the orc.
The orc is heavily wounded.
The orc misses you.
You regained 2 hp, and now have 17/18 hp.
You hit the orc but do no damage.
The orc is heavily wounded.
The orc hits you but does no damage.
Health restored: 18 You sock the orc!
You kill the orc!
Things that are here:
a +0 short sword; a +0 ring mail
There is a stone staircase leading up here.
You climb upwards.
The orc shouts!
The orc hits you with a +0 flail.
There is a stone staircase leading down here.
You take 4 damage, and have 14/18 hp.
MASSIVE DAMAGE!!
You hit the orc.
The orc is almost dead.
The orc hits you with a +0 whip. The orc hits you with a +0 flail.
An orc comes into view. It is wielding a +0 flail.
The orc misses you.
You take 4 damage, and have 10/18 hp.
MASSIVE DAMAGE!!
You sock the orc!
You kill the orc!
The orc barely misses you.
An orc priest comes into view. It is wielding a +0 whip.
The orc hits you with a +0 flail. The orc hits you with a +0 flail.
You climb downwards.
There is a stone staircase leading up here.
You take 1 damage, and have 10/18 hp.
You hit the orc.
The orc is almost dead.
The orc hits you with a +0 flail!
Ouch! That really hurt!
* * * LOW HITPOINT WARNING * * *
You take 7 damage, and have 3/18 hp.
MASSIVE DAMAGE!!
You closely miss the orc.
The orc is almost dead.
The orc barely misses you.
You hit the orc.
You kill the orc!
You have reached level 2!
You feel monstrous as your demonic heritage exerts itself.
Your demonic ancestry asserts itself...
Your hands begin to faintly glow with unholy energy.
You regained 3 hp, and now have 7/24 hp.
MP restored: 2 You start resting.
HP restored.
Health restored: 24 You climb upwards.
The orc barely misses you.
There is a stone staircase leading down here.
The orc priest calls down the wrath of Beogh upon you.
Beogh smites you! The orc barely misses you.
You climb downwards.
There is a stone staircase leading up here.
You take 9 damage, and have 15/24 hp.
MASSIVE DAMAGE!!
You closely miss the orc.
You touch the orc!
You kill the orc!
You regained 2 hp, and now have 17/24 hp.
Things that are here:
a +0 flail; a +0 flail; an orc corpse
There is a stone staircase leading up here.
Things that are here:
a +0 flail; a +0 flail; an orc corpse
k - a +0 flail
k - a +0 flail (weapon)
There is a stone staircase leading up here.
Okay, then.
You start resting.
HP restored.
Health restored: 24 You can't go down here!
You climb upwards.
The orc priest mumbles some strange prayers to Beogh against you.
Pain shoots through your body!
There is a stone staircase leading down here.
You take 11 damage, and have 13/24 hp.
MASSIVE DAMAGE!!
You barely miss the orc priest. Your touch misses the orc priest.
The orc priest barely misses you.
You hit the orc priest. Your touch misses the orc priest.
The orc priest is moderately wounded.
The orc priest invokes the aid of Beogh against you.
Beogh smites you!
Ouch! That really hurt!
* * * LOW HITPOINT WARNING * * *
You take 13 damage, and have 1/24 hp.
MASSIVE DAMAGE!!
You closely miss the orc priest.
You touch the orc priest!
The orc priest is almost dead.
The orc priest hits you but does no damage.
The orc priest calls down the wrath of Beogh upon you.
Pain shoots through your body!
You die...

█ █ .█.██
█....?
████....█.
█.@.......
██o.██████
█).█ ...█
█.█.█ █.
.█ █. .█
█. .█ █.
.█


You could see an orc priest.

Vanquished Creatures
  5 orcs
5 creatures vanquished.

Notes
Turn   | Place    | Note
-------+----------+-------------------------------------------
     0 | D:5      | Goblin1989 the Demonspawn Delver began the quest for the
                  | Orb.
     0 | D:5      | Reached XP level 1. HP: 18/18 MP: 1/1
    19 | D:5      | Noticed a phantom
   118 | D:4      | Noticed an orc priest
   124 | D:5      | Discovered your monstrous ancestry.
   124 | D:5      | Gained mutation: Your touch may inflict minor irresistible
                  | damage on your foes. [demonic ancestry]
   124 | D:5      | Reached XP level 2. HP: 7/24 MP: 2/2
   156 | D:4      | HP: 1/24 [orc priest/divine providence (15)]
   157 | D:4      | Killed from afar by an orc priest

Illustrated notes

Levels and vault maps discovered:
D:4:      layout_basic, tgw_sif, nicolae_overflow_hidden_temple,
          serial_corexii_hall, chequers_hall_statues_y, corexii_hall_statues_s,
          hangedman_decor_opposing, minivault_5, uniq_natasha,
          uniq_crazy_yiuf_cottage
D:5:      layout_basic, minmay_between, uniq_blork_the_orc, uniq_pikel

Skill      XL: |  1 |
---------------+----+-----
Maces & Flails | 2 |  2.5
Fighting       | |  3.0
Dodging        | |  1.8
Stealth        | |  4.5

Action                     || total
---------------------------++-------
  Melee: Mace              ||    13
         Flail             ||     3
         Touch             ||     2
 Armour: Leather armour    ||    13
  Dodge: Dodged            ||     8
